Map: Merry Go Round LE

Players

CBagRun

  • Race: Zerg Zerg
  • Spawn Location: 1:00

couchman

  • Race: Terran Terran
  • Spawn Location: 6:00

HORSES

  • Race: Zerg Zerg
  • Spawn Location: 11:00

VOD

Have the link to the VOD?

Description

Time

  • Played on: Dec. 12, 2021, 7:12 a.m.
  • Length: 33:50
Show
View Real Time Build Order
Export as new Build Order

CBagRun Zerg 

Build Orders: Pool First, Swarm Host 

Get SALT Encoding   

  12  0:12  Overlord  
  12  0:16  Drone  
  13  0:24  Drone  
  14  0:38  Overlord  
  14  0:39  Drone  
  15  0:50  Spawning Pool  
  15  0:53  Drone  
  15  1:03  Overlord  
  15  1:08  Drone  
  16  1:21  Extractor  
  15  1:27  Drone  
  16  1:40  Queen  
  18  1:50  Drone x2  
  18  1:51  Drone  
  21  2:04  Drone  
  22  2:12  Drone  
  23  2:15  Queen  
  25  2:35  Overlord  
  25  2:43  Zergling x2  
  26  2:50  Zergling x2  
  26  2:51  Queen, Zergling x6  
  32  2:59  Metabolic Boost  
  32  3:04  Zergling x2  
  33  3:27  Queen, Zergling x2  
  33  3:28  Zergling x6  
  39  3:52  Zergling x6  
  39  3:53  Zergling x2  
  43  4:00  Overlord  
  43  4:02  Queen  
  45  4:29  Drone  
  46  5:00  Hatchery  
  45  5:19  Extractor  
  44  5:29  Zergling x4  
  44  5:30  Zergling x6  
  49  5:46  Overlord  
  49  5:49  Lair  
  49  6:02  Zergling x4  
  49  6:03  Zergling x2  
  52  6:11  Overlord  
  52  6:16  Drone  
  53  6:29  Overlord  
  53  6:37  Drone x2  
  55  7:37  Spawning Pool  
  55  7:42  Drone x2  
  55  7:43  Drone x4  
  60  8:03  Zergling x6  
  63  8:06  Drone x2  
  65  8:19  Queen  
  67  8:41  Evolution Chamber  
  67  8:43  Zergling x2  
  67  8:44  Zergling x4  
  69  8:49  Zergling x6  
  69  8:55  Queen, Zergling x10  
  76  8:56  Zergling x2  
  80  9:28  Zergling x2  
  80  9:29  Infestation Pit, Zergling x8  
  84  9:33  Overlord  
  84  9:45  Overlord x2  
  84  9:51  Queen  
  86  10:07  Zerg Ground Armor Level 1  
  86  10:26  Queen  
  88  10:29  Hive  
  88  10:59  Zergling x2  
  88  11:01  Swarm Host x2  
  88  11:02  Swarm Host x3, Queen  
  106  11:29  Overlord  
  106  11:33  Overlord  
  106  11:38  Queen  
  108  12:01  Zerg Missile Weapons Level 1  
  108  12:13  Queen  
  108  12:14  Viper  
  108  12:15  Viper x3  
  116  12:20  Overlord  
  116  12:21  Overlord x2  
  116  12:22  Overlord  
  122  12:38  Viper  
  125  12:49  Queen  
  127  12:56  Viper x2  
  133  13:19  Extractor  
  132  13:21  Extractor  
  131  13:42  Overlord x2  
  131  13:55  Zerg Melee Weapons Level 1  
  131  13:56  Adrenal Glands  
  131  14:03  Zergling x2  
  131  14:04  Zergling x10  
  137  14:22  Zergling x2  
  138  14:25  Zergling x10  
  115  15:29  Zergling x8  
  115  15:31  Zergling x2  
  115  15:32  Zergling x6  
  123  15:49  Zerg Ground Armor Level 2  
  97  16:30  Viper x2  
  97  16:31  Swarm Host x2  
  97  16:32  Infestor  
  109  16:33  Infestor  
  113  16:42  Drone x4  
  113  16:43  Drone  
  118  17:14  Zergling x6  
  118  17:15  Zergling x4  
  123  17:41  Zergling x2  
  123  17:42  Zergling x10  
  129  18:05  Zerg Missile Weapons Level 2  
  129  18:43  Hatchery  
  128  18:53  Zergling x10  
  128  18:54  Zergling x4  
  135  19:01  Zergling x12  
  57  19:50  Zergling x4  
  57  19:51  Zergling x8  
  48  20:16  Zergling x4  
  48  20:20  Zerg Melee Weapons Level 2  
  50  20:32  Drone x5  
  50  20:33  Drone x3  
  58  20:49  Spire  
  57  20:51  Queen  
  57  20:54  Queen  
  61  21:15  Drone  
  61  21:16  Drone x2  
  64  21:27  Queen  
  64  21:28  Zergling x10  
  64  21:29  Queen, Zergling x2  
  64  21:32  Zergling x4  
  76  21:33  Zergling x2  
  77  21:43  Queen  
  79  22:02  Queen  
  79  22:05  Queen  
  83  22:12  Zergling x6  
  86  22:16  Zergling x4  
  86  22:17  Zergling x2  
  86  22:19  Queen  
  86  22:21  Drone x4  
  86  22:22  Drone x2  
  97  22:34  Zergling x2  
  98  22:38  Queen  
  98  22:41  Queen  
  102  22:46  Corruptor x4  
  110  22:55  Queen  
  110  22:56  Zergling x2  
  110  22:57  Corruptor  
  115  23:08  Zergling x4  
  115  23:09  Zergling x2  
  118  23:14  Queen  
  118  23:16  Queen  
  122  23:30  Queen  
  101  23:49  Queen  
  101  23:52  Queen  
  105  24:01  Corruptor x3  
  105  24:02  Corruptor x2  
  115  24:06  Queen, Zergling x6  
  120  24:11  Mutalisk, Overlord x2  
  120  24:12  Mutalisk  
  124  24:27  Zerg Melee Weapons Level 3  
  124  24:31  Drone x2  
  124  24:32  Drone  
  127  25:02  Mutalisk  
  127  25:03  Mutalisk x2  
  133  25:22  Zergling x6  
  133  25:25  Zergling x2  
  133  25:27  Zergling x6  
  141  25:35  Zergling x2  
  141  25:38  Zergling x2  
  141  25:39  Zergling x2  
  143  25:46  Zergling x6  
  143  25:47  Zergling x2  
  113  27:17  Zergling x6  
  113  27:18  Zergling x4  
  113  27:22  Zergling x6  
  121  27:23  Zergling x6  
  121  27:25  Overlord  
  121  27:26  Zergling x8  
  72  28:09  Zergling x2  
  72  28:10  Zergling x8  
  77  28:15  Zergling x4  
  77  28:16  Zergling x8  
  83  28:21  Zerg Missile Weapons Level 3  
  83  28:24  Zergling x2  
  83  28:25  Zergling x2  
  85  28:36  Zergling x2  
  87  28:41  Zergling x2  
  87  28:55  Zergling x6  
  90  28:57  Zergling x8  
  94  29:21  Zergling x2  
  94  29:22  Zergling x8  
  99  29:27  Zergling x10  
  104  29:55  Zergling x6  
  104  29:56  Zergling x4  
  109  30:00  Zergling x2  
  109  30:01  Zergling x6  
  53  30:58  Zerg Ground Armor Level 3  
  38  31:12  Zergling x2  
  38  31:13  Zergling x4  
  38  31:14  Queen  
  43  31:21  Zergling x4  
  45  31:49  Queen  
Show
View Real Time Build Order
Export as new Build Order

couchman Terran 

Build Orders:  

Get SALT Encoding   

  12  0:00  SCV  
  13  0:13  SCV  
  14  0:20  Supply Depot  
  14  0:25  SCV  
  15  0:38  Refinery  
  15  0:42  SCV  
  16  0:54  SCV  
  17  0:57  Barracks  
  17  1:06  SCV  
  18  1:18  SCV  
  19  1:30  SCV  
  20  1:42  SCV  
  20  1:43  Refinery  
  20  1:44  Engineering Bay  
  20  1:45  Barracks Tech Lab  
  21  1:55  Supply Depot, SCV  
  22  2:10  Command Center  
  22  2:12  SCV  
  23  2:23  Terran Infantry Weapons Level 1  
  23  2:25  Combat Shield  
  23  2:27  SCV  
  24  2:32  Marine  
  25  2:40  SCV  
  26  2:50  Marine  
  27  2:58  Bunker  
  27  3:08  Marine  
  27  3:10  SCV  
  29  3:21  Supply Depot  
  29  3:22  SCV  
  29  3:25  Marine  
  31  3:28  Bunker  
  31  3:34  SCV  
  32  3:43  Marine, Factory  
  32  3:44  Supply Depot  
  34  3:55  SCV  
  34  3:57  SCV  
  35  4:07  SCV  
  35  4:09  SCV  
  37  4:10  Missile Turret  
  37  4:19  SCV  
  37  4:22  Stimpack  
  38  4:24  Terran Infantry Armor Level 1  
  38  4:25  Marine  
  39  4:32  SCV  
  39  4:33  Supply Depot  
  40  4:41  Armory  
  40  4:43  Marine  
  40  4:44  SCV  
  42  4:46  Refinery  
  42  4:56  Supply Depot, Orbital Command  
  42  5:01  Marine  
  43  5:19  Marine, Starport  
  44  5:25  Command Center  
  44  5:35  SCV  
  45  5:37  Marine, SCV  
  47  5:47  SCV  
  47  5:49  SCV  
  49  5:59  SCV  
  49  6:02  SCV  
  51  6:04  Barracks  
  51  6:05  Fusion Core  
  51  6:11  SCV  
  51  6:13  Widow Mine  
  51  6:14  Starport Tech Lab, SCV  
  55  6:23  SCV  
  56  6:26  SCV  
  56  6:27  Refinery  
  57  6:35  SCV, Widow Mine  
  57  6:37  SCV  
  57  6:38  SCV  
  62  6:47  SCV  
  62  6:49  SCV  
  62  6:52  Barracks  
  64  6:56  Widow Mine  
  64  7:00  SCV  
  67  7:06  Battlecruiser  
  73  7:12  SCV  
  74  7:17  Barracks Reactor, Widow Mine  
  74  7:18  Marine  
  77  7:24  SCV  
  78  7:36  Marine  
  79  7:39  Widow Mine  
  79  7:40  Barracks Reactor  
  79  7:42  Weapon Refit  
  79  7:43  Starport, Terran Infantry Weapons Level 2  
  81  7:45  Command Center  
  81  7:54  Marine, Barracks  
  82  8:01  Supply Depot  
  82  8:10  Battlecruiser  
  88  8:21  Starport  
  88  8:24  Supply Depot, SCV  
  89  8:30  Marine  
  89  8:31  Marine x4  
  94  8:36  Starport Tech Lab, SCV  
  95  8:43  Hellion  
  95  8:47  Supply Depot  
  95  8:48  Marine x2, SCV  
  98  8:49  Marine x3  
  98  8:52  Refinery  
  98  8:54  Refinery  
  103  8:55  SCV  
  103  8:59  Starport  
  103  9:00  SCV  
  103  9:02  SCV  
  106  9:06  Marine x2  
  106  9:07  Marine x2  
  106  9:08  SCV  
  106  9:09  Supply Depot, SCV  
  112  9:12  SCV  
  112  9:14  SCV  
  114  9:20  SCV  
  114  9:21  SCV  
  114  9:22  Bunker  
  116  9:24  SCV  
  116  9:26  SCV  
  116  9:28  Missile Turret  
  118  9:31  Supply Depot  
  118  9:32  SCV  
  118  9:33  SCV  
  118  9:36  SCV  
  122  9:38  SCV  
  122  9:40  Barracks  
  122  9:44  SCV  
  122  9:45  SCV  
  124  9:52  Bunker  
  124  9:54  Supply Depot  
  124  9:56  Starport Tech Lab  
  124  9:57  Starport Tech Lab, SCV  
  124  9:59  Battlecruiser x2  
  137  10:06  SCV, Command Center  
  138  10:16  Command Center  
  138  10:18  SCV  
  139  10:23  Bunker x2  
  139  10:29  Refinery  
  139  10:30  SCV  
  140  10:39  Bunker  
  140  10:52  Bunker  
  140  10:53  Missile Turret x2  
  140  11:01  Battlecruiser x2  
  152  11:05  Marine x4  
  156  11:12  Bunker  
  156  11:13  Ghost Academy  
  156  11:14  Bunker  
  156  11:17  Marine x2, Battlecruiser x2, Missile Turret  
  170  11:22  Bunker  
  170  11:26  Terran Ship Weapons Level 1  
  170  11:28  Advanced Ballistics, Widow Mine  
  172  11:37  Missile Turret  
  172  11:41  Barracks  
  172  11:45  SCV  
  173  11:50  Widow Mine  
  173  11:54  SCV, Refinery  
  176  11:57  SCV  
  176  11:58  SCV  
  178  12:06  SCV  
  179  12:10  SCV  
  179  12:11  Widow Mine  
  182  12:18  SCV  
  182  12:22  SCV  
  184  12:30  SCV  
  184  12:35  SCV  
  186  12:43  Bunker  
  186  12:45  Missile Turret  
  186  12:51  Missile Turret  
  186  12:57  Supply Depot  
  186  13:05  Supply Depot  
  186  13:17  Refinery  
  186  13:18  SCV x2, Widow Mine  
  186  13:19  Refinery  
  190  13:20  Supply Depot  
  190  13:26  Battlecruiser  
  196  13:27  Supply Depot  
  196  13:30  SCV x2  
  198  13:40  Widow Mine  
  200  13:44  Supply Depot  
  200  13:47  Battlecruiser x2  
  200  13:49  Supply Depot  
  200  13:54  Battlecruiser  
  183  14:12  Marine x4, Supply Depot  
  183  14:13  Marine x2  
  183  14:15  SCV  
  190  14:25  SCV  
  190  14:30  Marine x3  
  190  14:31  Battlecruiser  
  200  14:35  Missile Turret  
  200  15:01  Bunker  
  161  16:11  Battlecruiser x4  
  172  16:29  Reaper  
  173  16:46  Bunker  
  173  16:55  SCV  
  173  17:01  Reaper  
  175  17:07  SCV  
  176  17:11  Barracks Reactor  
  176  17:12  Marine x5  
  176  17:15  Battlecruiser x2  
  193  17:16  Battlecruiser  
  199  17:29  Marine  
  200  18:08  Refinery  
  199  19:04  Missile Turret  
  112  20:28  Terran Vehicle And Ship Armor Level 1  
  100  20:29  Terran Infantry Weapons Level 3  
  100  20:33  Hyperflight Rotors  
  95  20:39  Marine x4  
  95  20:40  Marine x3  
  91  20:44  Reaper  
  92  20:57  Marine x5  
  92  20:58  Marine x2  
  92  21:04  Battlecruiser x4  
  123  21:15  Marine x6  
  123  21:16  Marine, Reaper  
  114  21:32  Marine  
  114  21:33  Marine x2  
  90  21:48  Reaper  
  79  22:21  Reaper  
  79  22:22  Terran Vehicle Weapons Level 1  
  71  22:47  Reaper x5  
  71  22:48  Reaper  
  77  22:53  Reaper  
  78  23:06  Terran Infantry Armor Level 2  
  78  23:19  Reaper x4  
  83  23:20  Reaper x2  
  83  23:25  Reaper  
  85  23:32  Missile Turret  
  67  23:51  Reaper x4  
  67  23:52  Reaper  
  67  23:55  Missile Turret  
  71  23:57  Reaper, Battlecruiser x3  
  71  23:58  Battlecruiser  
  96  24:12  Orbital Command  
  96  24:14  Personal Cloaking  
  96  24:15  Missile Turret  
  96  24:16  Terran Vehicle And Ship Armor Level 2  
  96  24:18  Ghost  
  96  24:23  Reaper x2  
  99  24:29  Reaper  
  100  24:39  SCV  
  101  24:47  Ghost  
  101  24:51  SCV  
  104  25:03  SCV  
  105  25:15  SCV  
  106  25:22  Hi-Sec Auto Tracking  
  106  25:27  SCV  
  107  25:39  Nuke  
  107  26:06  Reaper x5  
  107  26:07  Reaper  
  109  26:19  Neosteel Armor  
  109  26:31  Terran Ship Weapons Level 2  
  109  26:38  Reaper x4  
  109  26:39  Reaper x2  
  91  28:27  Supply Depot  
  91  28:28  Supply Depot  
  91  29:56  Supply Depot  
  91  30:20  Supply Depot  
  91  30:43  Supply Depot  
  90  31:53  Reaper x3  
  32  32:25  Marine  
Show
View Real Time Build Order
Export as new Build Order

HORSES Zerg 

Build Orders: Pool First, Swarm Host 

Get SALT Encoding   

  12  0:32  Drone x2  
  14  0:36  Overlord  
  14  1:00  Drone x2  
  16  1:23  Overlord  
  16  1:32  Spawning Pool  
  15  1:37  Drone x2  
  17  1:45  Overlord  
  17  1:48  Hatchery  
  16  1:54  Overlord  
  16  2:02  Drone  
  16  2:05  Extractor  
  16  2:12  Drone  
  17  2:18  Queen  
  19  2:23  Zergling x2  
  20  2:45  Drone x2  
  22  2:54  Queen  
  24  3:00  Drone  
  24  3:03  Drone  
  26  3:10  Queen  
  28  3:20  Drone x2  
  30  3:30  Queen  
  32  3:42  Drone x3  
  35  3:49  Evolution Chamber  
  35  3:52  Roach Warren  
  33  4:07  Drone x2  
  35  4:11  Lair  
  35  4:34  Drone x5  
  40  4:48  Zerg Melee Weapons Level 1  
  40  4:53  Drone  
  40  4:55  Drone x2  
  40  4:59  Extractor  
  42  5:04  Drone  
  42  5:05  Zergling x2  
  42  5:06  Zergling x4  
  46  5:08  Drone  
  46  5:09  Drone x2  
  49  5:19  Metabolic Boost  
  49  5:25  Zergling x2  
  50  5:30  Drone  
  50  5:31  Drone  
  52  5:36  Overlord  
  52  5:38  Overlord x2  
  52  6:00  Zergling x6  
  52  6:01  Zergling x2  
  56  6:08  Overlord x3  
  56  6:13  Overlord x2  
  56  6:16  Zergling x4  
  58  6:22  Hatchery  
  57  6:33  Zergling x8  
  61  6:43  Zerg Ground Armor Level 1  
  61  6:45  Glial Reconstitution  
  61  6:50  Zergling x6  
  61  6:53  Zergling x8  
  68  7:17  Zergling x4  
  68  7:18  Zergling x4  
  72  7:24  Overlord x2  
  72  7:25  Overlord x2  
  72  7:29  Drone  
  73  7:38  Drone  
  73  7:41  Drone x2  
  76  7:46  Extractor  
  76  7:49  Drone  
  76  7:57  Spire, Evolution Chamber  
  74  8:05  Zergling x6  
  77  8:27  Zergling x4  
  79  8:36  Zergling x8  
  79  8:37  Zerg Melee Weapons Level 2  
  79  8:40  Overlord x3  
  83  8:46  Zerg Missile Weapons Level 1  
  83  8:57  Overlord x2  
  83  9:15  Corruptor x3  
  83  9:16  Corruptor x2  
  93  9:20  Corruptor  
  95  9:29  Drone x3  
  98  9:32  Queen  
  100  9:41  Zerg Flyer Weapons Level 1  
  100  10:03  Spire  
  99  10:09  Zergling x12  
  105  10:15  Drone  
  105  10:20  Drone x3, Extractor  
  108  10:25  Zergling x2  
  109  10:39  Zerg Ground Armor Level 2  
  109  10:47  Zergling x10  
  114  10:57  Zergling x6  
  114  10:58  Zergling x2  
  114  11:02  Zerg Missile Weapons Level 2  
  118  11:26  Infestation Pit  
  118  11:29  Drone x5  
  122  11:45  Drone x2  
  124  11:50  Zergling x2  
  125  12:16  Swarm Host x4  
  125  12:22  Corruptor x2  
  141  12:24  Corruptor x3  
  147  12:30  Zerg Flyer Weapons Level 2  
  147  12:32  Zerg Flyer Armor Level 1  
  147  12:34  Hive  
  147  12:50  Drone  
  147  12:51  Drone x2  
  149  12:53  Extractor  
  149  12:55  Roach x2  
  153  13:05  Roach x5  
  163  13:10  Roach x3  
  169  13:19  Overlord  
  112  14:26  Corruptor x4  
  112  14:30  Corruptor x4  
  128  14:47  Roach x2  
  128  14:51  Zerg Missile Weapons Level 3  
  99  15:21  Zergling x4  
  99  15:22  Zergling x8  
  99  15:28  Queen  
  107  15:38  Roach x3  
  107  15:40  Roach x2  
  107  15:41  Roach  
  112  16:17  Roach x5  
  122  16:20  Roach  
  122  16:21  Roach x2  
  128  16:26  Zerg Flyer Weapons Level 3  
  128  16:27  Zerg Flyer Armor Level 2  
  128  16:29  Zerg Melee Weapons Level 3  
  128  16:37  Zergling x2  
  128  16:39  Zergling x4  
  131  17:12  Extractor  
  130  17:17  Roach  
  130  17:18  Roach x5  
  142  17:28  Roach x5  
  142  17:29  Roach  
  154  17:30  Corruptor  
  154  17:31  Corruptor x2  
  160  17:46  Roach x4  
  160  17:47  Roach  
  170  17:55  Roach x2  
  174  18:11  Drone  
  175  18:13  Roach x4  
  183  18:21  Roach x4  
  183  18:22  Roach  
  193  18:28  Roach x3  
  194  19:13  Roach x3  
  190  19:20  Overlord  
  190  19:23  Roach  
  190  19:24  Roach x6  
  148  20:39  Roach x3  
  82  22:27  Roach x2  
  82  22:28  Roach x8  
  94  22:32  Drone, Corruptor  
  94  22:33  Corruptor x4  
  101  22:37  Roach x2  
  101  22:38  Roach x3  
  109  22:55  Roach x2  
  113  23:10  Evolution Chamber  
  112  23:18  Hatchery  
  111  23:24  Zergling x2  
  111  23:25  Roach  
  111  23:26  Roach x2  
  118  23:29  Roach x5  
  128  24:01  Lair  
  128  24:05  Roach x4  
  128  24:06  Roach x2  
  140  24:44  Roach x6, Spawning Pool  
  151  24:52  Roach x3  
  159  24:53  Roach x2  
  161  25:15  Roach  
  161  25:16  Roach  
  165  25:25  Roach x6  
  177  25:35  Drone x3  
  180  25:36  Queen  
  182  25:57  Roach x5  
  192  26:05  Infestation Pit  
  191  26:18  Spire  
  191  26:21  Roach x2  
  191  26:22  Roach x2  
  173  28:51  Corruptor x5  
  183  29:05  Overlord x3  
  183  29:25  Corruptor x3  
  183  29:26  Corruptor x2  
  183  29:30  Corruptor x2  
  197  29:48  Hatchery  
  196  29:54  Extractor  
  196  29:56  Extractor  
  196  29:58  Corruptor x3  
Tags
 
Add a new tag
Caveats
  • Supply blocks, unpowered buildings, or Contaminate may cause inaccurate times.
  • Supply counts are checked every 10 seconds.